 Dungeon Crawl Stone Soup version 0.22-a0-480-g991dd4b (webtiles) character file.

78 Amnesiac the Charlatan (level 4, -5/21 HPs)
             Began as a Spriggan Artificer on June 15, 2018.
             Killed by divine providence
             ... invoked by an orc priest
              (16 damage)
             ... on level 4 of the Dungeon.
             The game lasted 00:04:24 (853 turns).

Amnesiac the Charlatan (Spriggan Artificer)          Turns: 853, Time: 00:04:25

Health: -5/21      AC:  2    Str:  9    XL:     4   Next: 15%
Magic:  10/10      EV: 18    Int: 12    God:
Gold:   39         SH:  0    Dex: 16    Spells: 3/3 levels left

rFire    . . .     SeeInvis +   a - +0 short sword
rCold    . . .     Gourm    .   (shield restricted)
rNeg     . . .     Faith    .   b - +0 robe
rPois    .         Spirit   .   (helmet restricted)
rElec    .         Reflect  .   (no cloak)
rCorr    .         Harm     .   (gloves unavailable)
MR       .....                  (boots unavailable)
Stlth    ++........             (no amulet)
HPRegen  0.07/turn              (no ring)
MPRegen  0.12/turn              (no ring)

@: very quick
A: very small, unfitting armour, see invisible, herbivore, speed 3, slow
metabolism 2
a: no special abilities


You were on level 4 of the Dungeon.
You were full.

You visited 1 branch of the dungeon, and saw 4 of its levels.

You collected 39 gold pieces.

Inventory:

Hand Weapons
 a - a +0 short sword (weapon)
Armour
 b - a +0 robe (worn)
 g - a +0 cloak
Wands
 c - a wand of flame (4)
 d - a wand of enslavement (14)
 e - a wand of random effects (11)
Potions
 h - 3 potions of haste {!q}
Comestibles
 f - 2 rations


   Skills:
 - Level 0.7 Fighting
 - Level 1.1 Short Blades
 - Level 3.0 Dodging
 - Level 1.5 Stealth
 + Level 6.7 Evocations


You had 3 spell levels left.
You didn't know any spells.
Your spell library was empty.

Dungeon Overview and Level Annotations

Branches:
Dungeon (4/15)
 Temple: D:4-7

Altars:

Annotations:
D:3 Sigmund


Innate Abilities, Weirdness & Mutations

You are very small and have problems with some larger weapons.
You are too small for most types of armour.
You have supernaturally acute eyesight. (SInv)
You are a herbivore.
You cover ground extremely quickly.
You need to consume almost no food.


Message History

The helpless orc fails to defend itself.
You hit the orc.
The orc is heavily wounded.
The rat bites you.
* * * LOW HITPOINT WARNING * * *
The helpless orc fails to defend itself.
You puncture the orc!
You kill the orc!
The rat completely misses you.
You barely miss the rat. The rat closely misses you.
You completely miss the rat.
The rat twitches its whiskers.
The rat barely misses you.
You hit the rat.
You kill the rat!
You see here an orc corpse.
Sigmund the Dreaded comes into view.
He is wielding a scythe.
A rat comes into view.
You see here a potion of haste {!q}.
h - a potion of haste {!q} A hobgoblin comes into view.
It is wielding a club.
The hobgoblin shouts!
You hear the slow rusting of a very distant drain.
Found 2 potions of haste.
Found a stone staircase leading down.
Found 17 arrows.
h - 3 potions of haste {!q} (gained 2)
There are no items here.
There is a stone staircase leading down here.
An orc and an orc priest come into view.
The orc shouts!
You hear a shout! x2
There is a stone staircase leading down here.
You climb downwards. 2 orcs come into view.
Found a ration.
There is a stone staircase leading up here.
The orc shouts!
You hear a shout!
An orc comes into view. It is wielding a hand axe.
The orc shouts!
You eat one of the 2 rations.
That ration really hit the spot!
You open the door.
There is an open door here.
An adder skeleton comes into view.
Found a stone staircase leading down.
Found 5 gold pieces.
Found a robe.
You now have 39 gold pieces (gained 5).
Found a great sword.
A worker ant comes into view.
The worker ant twitches its antennae in your direction.
Evoke which item? (* to show all) (? for menu, Esc to quit)
Aiming: Random Effects
Press: ? - help, Shift-Dir - straight line, f - worker ant
Aim: a worker ant The bolt of poison hits the worker ant.
The worker ant is poisoned.
You kill the worker ant!
You have reached level 4!
Found a ration.
f - 2 rations (gained 1)
An orc and an orc priest come into view.
An adder and an orc come into view.
The orc priest mumbles some strange prayers to Beogh against you.
Beogh smites you!
Ouch! That really hurt!
You die...

# #.# #.# ## # #.# #.#
.# # # #.# #.# .# .. #
#.########.###.##. #
#.#........##.... #
#.#.#....####..####.
####.#.#....####.......
..................#
####.#.......###@.#
####.#..###..#.S....#
...#.#..# #..#.#..###
%..#o#..# #....o...
<........ .... .....
...#.#..###..#.#.#oo.
...#.# #..#.#.#.###
...# #. #.#.#.# ...#


You could see an orc priest, an adder (sleeping) and 2 orcs.

Vanquished Creatures
  Jessica (D:3)
  A worker ant (D:4)
  An adder (D:4)
  A dart slug (D:3)
  A leopard gecko (D:1)
  3 orcs
  2 giant cockroaches (D:3)
  A hobgoblin (D:1)
  2 kobolds
  4 rats
17 creatures vanquished.

Vanquished Creatures (collateral kills)
  2 orcs (D:4)
2 creatures vanquished.

Grand Total: 19 creatures vanquished

Notes
Turn   | Place    | Note
-------+----------+-------------------------------------------
     0 | D:1      | Amnesiac the Spriggan Artificer began the quest for the Orb.
     0 | D:1      | Reached XP level 1. HP: 9/9 MP: 4/4
   493 | D:2      | You fall through a shaft for 2 floors!
   527 | D:4      | Noticed an orc priest
   545 | D:4      | Reached XP level 2. HP: 4/14 MP: 6/6
   552 | D:4      | Reached skill level 5 in Evocations
   692 | D:3      | Noticed Jessica
   703 | D:3      | Killed Jessica
   703 | D:3      | Reached skill level 6 in Evocations
   703 | D:3      | Reached XP level 3. HP: 7/17 MP: 6/8
   726 | D:3      | Noticed Sigmund
   833 | D:4      | Reached XP level 4. HP: 10/21 MP: 10/10
   853 | D:4      | Killed from afar by an orc priest

Vault maps used:
D:1:      lemuel_arrival_lava_pool
D:3:      grunt_temple_overflow_order_and_chaos_2,
          gammafunk_temple_overflow_pools, portal_sewer_entry_e, uniq_jessica,
          uniq_sigmund
D:4:      first_ration, st_stairs_8, uniq_grinder

Skill      XL: |  1  2 |
---------------+-------+-----
Evocations     | 6 |  6.7
Fighting       | |  0.7
Short Blades   | |  1.1
Dodging        | |  3.0
Stealth        | |  1.5

Action                   |  1- 3 |  4- 6 || total
-------------------------+-------+-------++-------
Melee: Short sword       |    41 |       ||    41
Evoke: Wand              |    15 |     1 ||    16
 Stab: Paralysed         |     2 |       ||     2
  Eat: Ration            |     1 |       ||     1
Armor: Robe              |     5 |       ||     5
Dodge: Dodged            |    36 |       ||    36

Table legend:
 A = Spawn XP
 B = Non-spawn XP
 C = Spawn XP percentage of total XP
 D = Spawn monster count
 E = Non-spawn monster count
 F = Spawn count percentage of total count
 G = Total turns spent on level
                    A         B        C        D         E        F      G
               +---------+---------+-------+---------+---------+-------+---------
         Total |       0 |     112 |   0.0 |       0 |      19 |   0.0 |   853
               +---------+---------+-------+---------+---------+-------+---------
           D:1 |       0 |       5 |   0.0 |       0 |       2 |   0.0 |   351
           D:2 |       0 |       2 |   0.0 |       0 |       2 |   0.0 |   142
           D:3 |       0 |      55 |   0.0 |       0 |      10 |   0.0 |   195
           D:4 |       0 |      50 |   0.0 |       0 |       5 |   0.0 |   165
               +---------+---------+-------+---------+---------+-------+---------
